AoeStats
← CCM | Zero

Nomad

510850279Analyzed
4v4 RM · 1d ago on Oct 2, 2026· 47m 16s· 8 players
Game mode
Random Map
Map size
231×231
Population
200
Speed
Normal
Resources
Standard
Victory
Conquest
Starting age
Dark Age
Ending age
Imperial Age
RankedLock teamsTeams togetherTeam positionsShared explorationLock speedFull tech treeHidden civsTurbo modeCheats
Victory
Defeat
🇳🇴 Jurchens · Norway
1261
+15
🇮🇩 Japanese · Indonesia
1259
+15
🇦🇷 Berbers · Argentina
1201
+18
🇵🇹 Tupi · Portugal
1199
+18
🇨🇴 Magyars · Colombia
1269
-17
🇲🇽 Turks · Mexico
1253
-17
🇫🇷 Bengalis · France
1234
-16
🇨🇱 Bulgarians · Chile
1227
-16
beiza -opsleagues
4:28 Loom
13:17 Feudal Age
17:50 Castle Age
15:50 Double-Bit Axe
18:45 Gold Mining
18:50 Fletching
19:19 Bodkin Arrow
19:15 Horse Collar
23:40 Forging
24:38 Bow Saw
25:30 Ballistics
26:00 Iron Casting
25:30 Heavy Plow
26:53 Padded Archer Armor
27:31 Wheelbarrow
27:46 Masonry
29:22 Leather Archer Armor
29:35 Hand Cart
30:44 Gold Shaft Mining
30:25 Scale Mail Armor
30:13 Town Watch
31:34 Town Patrol
35:55 Imperial Age
34:19 Chain Mail Armor
34:28 Stirrups
34:45 Stone Mining
35:42 Scale Barding Armor
36:21 Stone Shaft Mining
35:55 Thumb Ring
37:07 Bracer
37:53 Chain Barding Armor
39:26 Plate Barding Armor
40:29 Blast Furnace
40:25 Conscription
43:16 Plate Mail Armor
44:21 Capped Ram
Psychedelonaut
12:55 Loom
15:24 Feudal Age
19:29 Castle Age
20:19 Wheelbarrow
19:31 Town Watch
23:26 Light Cavalry
24:16 Bloodlines
24:44 Husbandry
26:24 Forging
jaimeerp
5:14 Loom
14:32 Feudal Age
20:17 Castle Age
18:18 Arson
18:50 Man-at-Arms
21:18 Double-Bit Axe
21:47 Medium Warships
21:31 Light Cavalry
25:04 Bloodlines
24:18 Pikeman
29:37 Gold Mining
33:19 Fletching
CCM | Zero
5:54 Loom
12:03 Feudal Age
13:21 Fletching
14:22 Town Watch
23:23 Castle Age
23:10 Horse Collar
23:39 Gold Mining
23:42 Stone Mining
24:09 Double-Bit Axe
27:58 Heavy Plow
31:17 Imperial Age
31:37 Gold Shaft Mining
33:53 Bow Saw
38:30 Wheelbarrow
39:01 Artillery
40:16 Bodkin Arrow
42:25 Ballistics
44:10 Masonry
44:37 Padded Archer Armor
Noob
7:54 Loom
15:08 Feudal Age
19:33 Castle Age
18:02 Fletching
20:59 Bodkin Arrow
25:33 Fishing Lines
30:10 Double-Bit Axe
30:08 Horse Collar
32:06 Padded Archer Armor
38:15 Imperial Age
37:00 Gillnets
39:51 Bracer
43:21 Conscription
43:19 Leather Archer Armor
44:35 Ring Archer Armor
45:54 Bow Saw
45:45 Heavy Plow
45:37 Gold Mining
47:08 Gold Shaft Mining
47:15 Thunderclap Bombs
47:13 Scale Barding Armor
TempYuraa
13:23 Feudal Age
14:29 Double-Bit Axe
14:48 Fishing Lines
20:06 Castle Age
21:09 Medium Warships
21:35 Gillnets
24:00 Wheelbarrow
23:30 Loom
23:42 Fletching
24:43 Forging
29:45 Scale Mail Armor
35:05 Hand Cart
39:05 Imperial Age
36:56 Horse Collar
37:31 Bow Saw
38:27 Bodkin Arrow
38:32 Padded Archer Armor
40:09 Ballistics
39:32 Treadmill Crane
39:19 Heavy Cavalry Archer
40:24 Parthian Tactics
40:06 Thumb Ring
40:43 Arson
40:58 Squires
41:00 Bracer
41:15 Leather Archer Armor
41:29 Gold Mining
41:30 Stone Mining
42:42 Two-Man Saw
41:51 Scale Barding Armor
42:21 Iron Casting
42:17 Chain Mail Armor
42:42 Ring Archer Armor
44:23 Kataparuto
44:23 Conscription
45:01 Chain Barding Armor
45:41 Blast Furnace
44:44 Husbandry
44:54 Bloodlines
44:05 Light Cavalry
45:23 Yasama
46:18 Siege Engineers
darkdavixi
6:07 Loom
14:01 Feudal Age
17:30 Castle Age
15:18 Fishing Lines
15:40 Double-Bit Axe
16:59 Scale Mail Armor
17:58 Forging
17:15 Champi Runner
18:52 Gillnets
19:18 Bow Saw
19:29 Squires
19:32 Champi Warrior
19:59 Arson
25:13 Chain Mail Armor
27:19 Fletching
28:08 Iron Casting
29:03 Horse Collar
34:24 Elite Skirmisher
35:22 Heavy Plow
35:14 Fletching
37:18 Bodkin Arrow
38:22 Padded Archer Armor
39:38 Pikeman
43:58 Ballistics
NotGG
3:07 Loom
12:42 Feudal Age
20:15 Castle Age
18:53 Double-Bit Axe
19:08 Horse Collar
19:47 Town Watch
19:57 Gold Mining
29:30 Fletching
31:31 Bodkin Arrow
34:08 Masonry
35:22 Padded Archer Armor
37:35 Leather Archer Armor
37:46 Ballistics
39:08 Wheelbarrow
38:33 Town Patrol
38:32 Stone Mining
43:00 Imperial Age
43:21 Hand Cart
44:00 Kasbah
44:44 Husbandry
44:51 Thumb Ring
45:57 Gold Shaft Mining
45:58 Stone Shaft Mining
45:34 Bow Saw
45:27 Heavy Plow
46:26 Hoardings
46:50 Conscription
48:24 Chemistry
47:53 Bloodlines
Connection lost

Rejoining the realm…

Still unreachable

The connection could not be restored.

Session expired

The server has moved on; the page needs a fresh start.